 Dungeon Crawl Stone Soup version 0.26-b1-32-g5d43845318 (webtiles) character file.

Game seed: 11770212646610903111

3588 wakim the Thaumaturge (level 9, -1/45 HPs)
             Began as a Deep Elf Fire Elementalist on Jan 10, 2021.
             Was a Follower of Sif Muna.
             Slain by Harold
             ... wielding a +0 trident
              (16 damage)
             ... on level 8 of the Dungeon.
             The game lasted 01:00:53 (7900 turns).

wakim the Thaumaturge (Deep Elf Fire Elementalist)  Turns: 7900, Time: 01:00:54

Health: -1/45      AC:  5    Str:  5    XL:     9   Next: 85%
Magic:  20/27      EV: 13    Int: 24    God:    Sif Muna [*.....]
Gold:   472        SH:  0    Dex: 15    Spells: 16/32 levels left

rFire    + . .     SeeInvis .   a - +1 dagger (speed)
rCold    + . .     Faith    .   (no shield)
rNeg     + . .     Spirit   .   f - +1 robe of the Beginning {Harm rF+ rN+} (curse)
rPois    +         Reflect  .   (no helmet)
rElec    .         Harm     +   k - +0 cloak
rCorr    .         Rampage  .   (no gloves)
Will     .....                  p - +0 pair of boots
Stlth    ++........             n - amulet of regeneration
HPRegen  0.55/turn              i - ring of protection from cold
MPRegen  0.20/turn              c - ring of poison resistance

@: marked
A: no striking features
a: Renounce Religion, Channel Magic


You were on level 8 of the Dungeon.
You worshipped Sif Muna.
Sif Muna was aware of your devotion.
You visited 2 branches of the dungeon, and saw 9 of its levels.

You collected 472 gold pieces.

Inventory:

Hand Weapons
 a - a +1 dagger of speed (weapon)
Armour
 f - the cursed +1 robe of the Beginning (worn) {Harm rF+ rN+}
   (You found it on level 7 of the Dungeon)

   It protects you from fire.
   It protects you from negative energy.
   It increases damage dealt and taken.
   It has a curse placed upon it.
 j - a +0 kite shield
 k - a +0 cloak (worn)
 p - a +0 pair of boots (worn)
Jewellery
 c - a ring of poison resistance (right hand)
 e - a +6 ring of intelligence
 i - a ring of protection from cold (left hand)
 n - an amulet of regeneration (around neck)
 v - an uncursed ring of positive energy
 A - a +6 ring of strength
Wands
 l - a wand of paralysis (12)
 y - a wand of flame (13)
Scrolls
 b - a scroll of blinking
 m - 6 scrolls of identify
 o - 7 scrolls of remove curse
 q - a scroll of enchant weapon
 x - a scroll of teleportation
Potions
 d - 3 potions of curing
 g - 2 potions of might
 h - 3 potions of haste


   Skills:
 - Level 2.4 Dodging
 - Level 2.4 Stealth
 - Level 3.0 Shields
 + Level 12.3 Spellcasting
 - Level 8.0 Conjurations
 - Level 8.0 Fire Magic


You had 16 spell levels left.
You knew the following spells:

 Your Spells              Type           Power        Failure   Level
a - Foxfire               Conj/Fire      100%         1%          1
b - Conjure Flame         Conj/Fire      52%          1%          3
c - Fireball              Conj/Fire      26%          4%          5
d - Inner Flame           Hex/Fire       34%          2%          3
e - Sticky Flame          Conj/Fire      52%          1%          4

Your spell library contained the following spells:

 Spells                   Type           Power        Failure   Level
 Freeze                   Ice            56%          4%          1
 Hailstorm                Conj/Ice       34%          8%          4
 Frozen Ramparts          Ice            28%          12%         3
 Ozocubu's Armour         Ice            14%          12%         3
 Summon Ice Beast         Ice/Summ       14%          38%         4


Dungeon Overview and Level Annotations

Branches:
Dungeon (8/15)             Temple (1/1) D:6
   Lair: D:8-11

Altars:
Ashenzari
Cheibriados
Dithmenos
Elyvilon
Fedhas
Gozag
Nemelex Xobeh
Okawaru
Ru
Sif Muna
Trog
Uskayaw
Wu Jian
Xom
Yredelemnul
Zin
The Shining One
Lugonu

Shops:
D:6 [

Annotations:
D:8 Harold


Message History

The harpoon shot hits you!
You are yanked forward by the harpoon shot.
The phantom blinks!
The ice beast hits you. The ice beast freezes you. You resist.
Harold casts a spell at you. The mark upon you grows brighter.
The ice beast hits you. The ice beast freezes you. You resist.
* * * LOW HITPOINT WARNING * * *
A wight comes into view. It is wielding a +0 short sword.
The ice beast hits you but does no damage.
Harold is engulfed in blazing flames.
You closely miss the phantom.
The ice beast hits you but does no damage.
Harold closely misses you.
A wight comes into view. It is wielding a +0 scimitar.
The phantom closely misses you. The ice beast hits you.
The ice beast freezes you. You resist.
* * * LOW HITPOINT WARNING * * *
Harold hits you from afar with a +0 trident!
You die...

...#...)).(..........
..................##
...................###...
.........................
#..........................
#........#######.##......).
# .#.....[.### ####...#.†..
#>..
#.###.....#####......#.)..
....
#.......W@#..#.......[....
....
..........Y@.§.#(.....)...
....
##..........####.#@.#.....
##.. ##..#......#
#.#..)...<. .).
#..##........ .........Z.
)###
........z................
...#
....................)..[.
....
............##..........
....
......z.................


You could see Harold, a phantom, an ice beast and a wight.

Vanquished Creatures
  Psyche (D:8)
  Grinder (D:3)
  Grum (D:8)
  Eustachio (D:5)
  3 ice beasts
  An orc warrior (D:8)
  A phantom (D:4)
  2 ogres (D:7)
  A necrophage (D:6)
  4 wolves
  2 centaurs
  A big kobold (D:8)
  2 bullfrogs (D:7)
  A wight (D:8)
  3 bullfrog zombies (D:5)
  A jelly (D:7)
  3 hounds
  3 orc priests
  2 centaur skeletons
  5 orc wizards
  Crazy Yiuf (D:5)
  An iguana (D:6)
  6 worker ants
  A hound zombie (D:8)
  A hound skeleton (D:4)
  A howler monkey skeleton (D:5)
  11 gnolls
  8 adders
  A shadow imp (D:7)
  4 white imps
  An ufetubus (D:6)
  An ooze (D:7)
  2 adder skeletons
  2 worms
  2 dart slugs (D:1)
  2 leopard geckos
  21 orcs
  9 giant cockroaches
  15 goblins
  4 hobgoblins
  19 jackals
  18 kobolds
  3 quokkas
  6 ball pythons
  12 bats
  7 frilled lizards
  5 rats
203 creatures vanquished.

Vanquished Creatures (others)
  631 foxfires
631 creatures vanquished.

Grand Total: 834 creatures vanquished

Notes
Turn   | Place    | Note
-------+----------+-------------------------------------------
     0 | D:1      | wakim the Deep Elf Fire Elementalist began the quest for
                  | the Orb.
     0 | D:1      | Reached XP level 1. HP: 10/10 MP: 6/6
   125 | D:1      | Reached XP level 2. HP: 15/15 MP: 4/8
   903 | D:1      | Reached XP level 3. HP: 19/19 MP: 5/10
  1183 | D:2      | Found a sacrificial altar of Ru.
  1301 | D:2      | Found a basalt altar of Yredelemnul.
  1361 | D:2      | Found a shadowy altar of Dithmenos.
  1450 | D:2      | Reached XP level 4. HP: 21/24 MP: 6/11
  1682 | D:2      | Found a shimmering altar of Xom.
  1701 | D:2      | Found a sacrificial altar of Ru.
  1832 | D:2      | Learned a level 3 spell: Conjure Flame
  2101 | D:3      | Reached skill level 4 in Spellcasting
  2130 | D:3      | Reached skill level 1 in Shields
  2255 | D:3      | Noticed Grinder
  2277 | D:3      | Reached XP level 5. HP: 28/28 MP: 7/13
  2281 | D:3      | Paralysed by Grinder for 4 turns
  2289 | D:3      | Killed Grinder
  2290 | D:3      | Reached XP level 6. HP: 26/32 MP: 0/15
  2539 | D:3      | Found a white marble altar of Elyvilon.
  2762 | D:4      | Reached skill level 5 in Spellcasting
  2767 | D:4      | Reached skill level 5 in Conjurations
  3058 | D:4      | Reached skill level 5 in Fire Magic
  3058 | D:4      | Reached XP level 7. HP: 36/36 MP: 3/16
  3064 | D:4      | Learned a level 5 spell: Fireball
  3422 | D:5      | Entered Level 5 of the Dungeon
  3618 | D:5      | Found a snail-covered altar of Cheibriados.
  3782 | D:5      | Found a blossoming altar of Fedhas.
  3972 | D:5      | Found a shimmering blue altar of Sif Muna.
  3998 | D:5      | Noticed Eustachio
  4014 | D:5      | Killed Eustachio
  4015 | D:5      | Reached XP level 8. HP: 41/41 MP: 8/18
  4042 | D:5      | Found a runed translucent door.
  4043 | D:5      | Noticed Crazy Yiuf
  4060 | D:5      | Killed Crazy Yiuf
  4061 | D:5      | Reached skill level 6 in Spellcasting
  4633 | D:6      | Found a hide-covered altar of Uskayaw.
  5013 | D:5      | Became a worshipper of Sif Muna the Loreminder
  5062 | D:6      | Found a staircase to the Ecumenical Temple.
  5095 | Temple   | Entered the Ecumenical Temple
  5327 | D:6      | Found an opulent altar of Gozag.
  5327 | D:6      | Found a sparkling altar of Nemelex Xobeh.
  5452 | D:6      | Found Goth's Antique Armour Shop.
  6034 | D:7      | Learned a level 3 spell: Inner Flame
  6372 | D:7      | Reached skill level 7 in Spellcasting
  6436 | D:7      | Learned a level 4 spell: Sticky Flame
  6472 | D:7      | Found a glowing golden altar of the Shining One.
  6588 | D:7      | Got a colourful robe
  6613 | D:7      | Identified the cursed +1 robe of the Beginning {Harm rF+
                  | rN+} (You found it on level 7 of the Dungeon)
  6648 | D:7      | Found a shadowy altar of Dithmenos.
  6738 | D:7      | Reached XP level 9. HP: 45/45 MP: 14/22
  6966 | D:7      | Found a broken altar of Ashenzari.
  7209 | D:8      | Found an ornate altar of the Wu Jian Council.
  7229 | D:8      | Reached skill level 8 in Spellcasting
  7381 | D:8      | Reached skill level 9 in Spellcasting
  7382 | D:8      | Noticed Grum
  7473 | D:8      | Noticed Psyche
  7475 | D:8      | Killed Psyche
  7475 | D:8      | Reached * piety under Sif Muna
  7476 | D:8      | Reached skill level 10 in Spellcasting
  7673 | D:8      | Killed Grum
  7674 | D:8      | Reached skill level 11 in Spellcasting
  7849 | D:8      | Reached skill level 12 in Spellcasting
  7873 | D:8      | Noticed Harold
  7900 | D:8      | Slain by Harold

Illustrated notes

Levels and vault maps discovered:
D:1:      dpeg_arrival_rhombus, layout_basic
D:2:      layout_basic, nicolae_ru_awakened_eye, lemuel_crystal_altar,
          general_overflow_altar, marbit_many_paths, minmay_hexomino_r4
D:3:      layout_rooms, lemuel_coloured_pillars_altar, serial_curves,
          eino_curves_04, eino_curves_03, uniq_grinder
D:4:      layout_basic
D:5:      layout_cave_pools, cheibriados_altar_1, lemuel_doored_altar,
          nicolae_overflow_hidden_temple, uniq_eustachio,
          uniq_crazy_yiuf_cottage
D:6:      layout_loops_ring, grunt_temple_overflow_opulence, kennysheep_mini,
          lemuel_temple_firewalk_a, serial_shops, shop, nicolae_lava_and_water
D:7:      layout_loops_ring, nicolae_tso_carved_into_rock,
          nicolae_ashenzari_panopticon, basic_altar
D:8:      layout_cave_pools, nzn_hepliaklqana_mist_gate, old_standard_altar,
          uniq_grum, uniq_harold, uniq_psyche
Temple:   corrupted_temple

Skill      XL: |  1  2  3  4  5  6  7  8  9 |
---------------+----------------------------+-----
Conjurations   | 2 3 4 5 6 8 |  8.0
Spellcasting   | 4 5 7 12 | 12.3
Fire Magic     | 4 5 6 7 8 |  8.0
Shields        | 1 2 3 |  3.0
Dodging        | |  2.4
Stealth        | |  2.4

Action                   |  1- 3 |  4- 6 |  7- 9 || total
-------------------------+-------+-------+-------++-------
Melee: Unarmed           |     2 |       |       ||     2
       Dagger            |       |       |     1 ||     1
 Cast: Foxfire           |    77 |    89 |   259 ||   425
       Conjure Flame     |       |     5 |    25 ||    30
       Inner Flame       |       |       |     3 ||     3
       Sticky Flame      |       |       |    10 ||    10
       Fireball          |       |       |     8 ||     8
  Use: Potion            |       |       |    10 ||    10
       Scroll            |       |       |     7 ||     7
Armor: Robe              |    12 |    14 |    17 ||    43
Dodge: Dodged            |    38 |    39 |    69 ||   146
Block: Kite shield       |     9 |     2 |    12 ||    23
